 Dungeon Crawl Stone Soup version 0.29-a0-271-gd4eb659eea (webtiles) character file.

Game seed: 14266064120770683466

98 kae the Covered (level 4, -1/60 HPs)
             Began as a Minotaur Fighter on Mar 8, 2022.
             Killed from afar by an orc wizard (7 damage)
             ... with a magic dart
             ... on level 3 of the Dungeon.
             The game lasted 00:02:10 (2243 turns).

kae the Covered (Minotaur Fighter)                  Turns: 2243, Time: 00:02:11

Health: -1/60      AC: 22    Str: 23    XL:     4   Next: 43%
Magic:  3/3        EV:  2    Int:  5    God:
Gold:   167        SH:  0    Dex:  9    Spells: 3/3 levels left

rFire   . . .      SeeInvis .   a - +1 war axe
rCold   . . .      Faith    .   c - +0 buckler
rNeg    . . .      Spirit   .   (body armour currently unavailable)
rPois   +          Reflect  .   (helmet currently unavailable)
rElec   .          Harm     .   (cloak currently unavailable)
rCorr   .          Rampage  .   (gloves currently unavailable)
Will    .....      NoTele   +   (boots currently unavailable)
Stlth   +.........              (no amulet)
HPRegen 0.20/turn               (no ring)
MPRegen 0.08/turn               (no ring)

@: confused, lethally poisoned (-1 -> -4), tree-form
A: stationary, stasis, torment immunity, boosted hp, (horns 2), (retaliatory
headbutt)
a: no special abilities


You were on level 3 of the Dungeon.
You were a tree.
You visited 1 branch of the dungeon, and saw 3 of its levels.

You collected 167 gold pieces.

Inventory:

Hand Weapons
 a - a +1 war axe (weapon)
Armour
 b - a +0 scale mail (melded)
 c - a +0 buckler (worn)
Jewellery
 f - an amulet of regeneration
Potions
 d - a potion of might
 g - a potion of flight


   Skills:
 + Level 4.2 Fighting
 * Level 4.0 Axes
 + Level 4.3 Armour
 + Level 4.3 Shields


You had 3 spell levels left.
You didn't know any spells.
Your spell library was empty.

Dungeon Overview and Level Annotations

Branches:
Dungeon (3/15)

Altars:


Innate Abilities, Weirdness & Mutations

You are a tree.
Your roots penetrate the ground, keeping you stationary.
You cannot be teleported.
You are immune to unholy pain and torment.
Your maximum health is greatly increased.
Your equipment is partially melded.
((You have a pair of horns on your head.))
((You reflexively headbutt those who attack you in melee.))


Message History

You miss something.
You feel very sick. The orc hits you with a +0 short sword.
Something hits you but does no damage.
You are too injured to fight recklessly!
You are too injured to fight recklessly!
You are too injured to fight recklessly!
You are too injured to fight recklessly!
You are too injured to fight recklessly!
Okay, then.
There are monsters nearby!
You are too injured to fight recklessly!
You are too injured to fight recklessly!
You are too injured to fight recklessly!
You are too injured to fight recklessly!
You hit the orc.
You kill the orc!
You closely miss something.
You feel very sick. You block something's attack.
Something hits you but does no damage.
It was a potion of lignification.
You turn into a tree.
Your +0 scale mail melds into your body.
Your roots penetrate the ground.
You feel very sick. Something hits you but does no damage.
You aren't carrying any scrolls.
Unknown command.
You cannot move.
You closely miss something.
You feel sick.
You hear some strange, mumbled words.
You are confused.
You closely miss something.
You feel sick.
You hear some strange, mumbled words.
A puff of flame appears from out of thin air!
The puff of flame hits you!
* * * LOW HITPOINT WARNING * * *
You attack the rock wall.
You feel sick.
You hear some strange, mumbled words.
A magic dart appears from out of thin air!
The magic dart hits you!
You die...

#.##....#.# #.#
####....#.###.###
#.............
###########..#.....
#.........##.#.....
#.........##.#..#..
..####....)....##.##.#.#
..........).....#......#
......{♣........#..#.###
......w######...##.#.#
#...... #...##.#.###
#...... #####...##......
#...............###..##.
#.......................
#...................>...
#.......................
.................


You could see a worm.

Vanquished Creatures
  3 adders (D:2)
  A worm (D:3)
  4 dart slugs
  4 orcs (D:3)
  7 endoplasms
  A giant cockroach (D:3)
  5 goblins
  7 hobgoblins
  4 quokkas
  4 ball pythons
  4 bats
  5 frilled lizards
  4 kobolds
  3 rats (D:1)
56 creatures vanquished.

Notes
Turn   | Place    | Note
-------+----------+-------------------------------------------
     0 | D:1      | kae the Minotaur Fighter began the quest for the Orb.
     0 | D:1      | Reached XP level 1. HP: 19/19 MP: 0/0
   318 | D:1      | Reached XP level 2. HP: 20/27 MP: 1/1
  1165 | D:2      | Reached XP level 3. HP: 33/33 MP: 2/2
  1688 | D:2      | Reached XP level 4. HP: 39/40 MP: 3/3
  2243 | D:3      | Killed from afar by an orc wizard

Illustrated notes

Levels and vault maps discovered:
D:1:      dpeg_arrival_morbid_curiosity, layout_basic
D:2:      layout_loops_ring
D:3:      layout_basic

Skill      XL: |  1  2  3  4 |
---------------+-------------+-----
Axes           | 3 4 |  4.0
Armour         | 4 |  4.3
Shields        | 4 |  4.3
Fighting       | 4 |  4.2

Action                   |  1- 3 |  4- 6 || total
-------------------------+-------+-------++-------
Melee: War axe           |    82 |    40 ||   122
       Headbutt          |     6 |     8 ||    14
  Use: Scroll            |     4 |     2 ||     6
       Potion            |       |     1 ||     1
Armor: Scale mail        |    37 |    16 ||    53
       Skin              |       |     1 ||     1
Dodge: Dodged            |    34 |    11 ||    45
Block: Buckler           |    23 |    10 ||    33

Table legend: (Time is in decaauts)
 A = Elapsed time spent in this place.
 B = Non-inter-level travel time spent in this place.
 C = Inter-level travel time spent in this place.
 D = Time resting spent in this place.
 E = Time spent auto-exploring this place.
 F = Levels seen in this place.
 G = Mean time per level.
                   A        B        C        D        E       F      G
               +--------+--------+--------+--------+--------+-----+--------+
         Total |   2287 |   2228 |     59 |    100 |   1772 |   3 |  762.3 |
       Dungeon |   2287 |   2228 |     59 |    100 |   1772 |   3 |  762.3 |
               +--------+--------+--------+--------+--------+-----+--------+

Top non-repeatable levels by time:
     D:1: 1174 daAuts
     D:2: 631 daAuts
     D:3: 481 daAuts
